 Dungeon Crawl Stone Soup version 0.22-a0-433-gd2a9cce (webtiles) character file.

47 Leszczynek the Charmwright (level 3, 0/20 HPs)
             Began as a Deep Elf Skald on May 27, 2018.
             Slain by an orc wizard
             ... wielding a +0 dagger
              (1 damage)
             ... on level 4 of the Dungeon.
             The game lasted 00:06:11 (968 turns).

Leszczynek the Charmwright (Deep Elf Skald)          Turns: 968, Time: 00:06:13

Health: 0/20       AC:  4    Str: 13    XL:     3   Next: 48%
Magic:  9/9        EV: 12    Int: 18    God:
Gold:   82         SH:  0    Dex: 14    Spells: 2/8 levels left

rFire    . . .     SeeInvis .   a - +2 whip (venom)
rCold    . . .     Gourm    .   (no shield)
rNeg     . . .     Faith    .   e - +0 leather armour
rPois    .         Spirit   .   (no helmet)
rElec    .         Reflect  .   (no cloak)
rCorr    .         Harm     .   (no gloves)
MR       .....                  f - +0 pair of boots
Stlth    +.........             (no amulet)
HPRegen  0.06/turn              (no ring)
MPRegen  0.11/turn              (no ring)

@: mighty
A: no striking features
a: no special abilities


You were on level 4 of the Dungeon.
You were not hungry.

You visited 1 branch of the dungeon, and saw 3 of its levels.

You collected 82 gold pieces.

Inventory:

Hand Weapons
 a - a +2 whip of venom (weapon)
 k - a +0 short sword
Missiles
 b - 13 bolts
Armour
 e - a +0 leather armour (worn)
 f - a +0 pair of boots (worn)
 l - a +0 ring mail
Jewellery
 i - an uncursed amulet of the gourmand {unknown}
Scrolls
 g - 3 scrolls of identify {unknown}
 h - 5 scrolls of remove curse {unknown}
 m - a scroll of magic mapping {unknown}
Comestibles
 c - 6 chunks of flesh
 d - 2 rations


   Skills:
 - Level 1.5 Fighting
 - Level 0.7 Armour
 - Level 2.4 Dodging
 - Level 2.6 Unarmed Combat
 - Level 3.0 Spellcasting
 + Level 2.0 Hexes
 - Level 4.4 Charms
 - Level 1.2 Translocations


You had 2 spell levels left.
You knew the following spells:

 Your Spells              Type           Power        Failure   Level  Hunger
a - Infusion              Chrm           ###.         3%          1    None
b - Shroud of Golubria    Chrm/Tloc      ##........   10%         2    ##.....
c - Spectral Weapon       Hex/Chrm       ##......     17%         3    ###....

Your spell library contained the following spells:

 Spells                   Type           Power        Failure   Level  Hunger
 Regeneration             Chrm/Necr      ##........   26%         3    ###....
 Song of Slaying          Chrm           ###.....     5%          2    ##.....


Dungeon Overview and Level Annotations

Branches:
Dungeon (2/15)

Altars:


Message History

You barely miss something. You punch something.
Something hits you but does no damage.
The leopard gecko skeleton barely misses you.
Unknown command.
There is an open door here.
The leopard gecko skeleton bites you but does no damage.
Okay, then.
It was a potion of might.
You feel very mighty all of a sudden.
The leopard gecko skeleton closely misses you.
You whack the orc!
You kill the orc!
Your Hexes skill increases to level 2!
You hear some strange, mumbled words.
A puff of flame appears from out of thin air!
The puff of flame hits you!
* * * LOW HITPOINT WARNING * * *
The leopard gecko skeleton barely misses you.
Something hits you.
You die...

#.. #.# #.# #.#
######## #.#
#......#####.#
#.......@.##.#
#.......Zo##.#######'
#.......J.'.........o
#.........##.###>.###
##.....##.#.........#
#..).>............ .
#.................
#.................
#...^...........#...[


You could see an ooze, an orc and a leopard gecko skeleton.

Vanquished Creatures
  An adder (D:4)
  An ooze (D:1)
  A leopard gecko (D:2)
  2 orcs (D:4)
  A ball python (D:1)
  3 giant cockroaches (D:1)
  5 goblins
  3 hobgoblins (D:1)
  A jackal (D:1)
  A quokka (D:2)
  3 bats
  3 frilled lizards (D:1)
  2 kobolds
  3 rats
30 creatures vanquished.

Notes
Turn   | Place    | Note
-------+----------+-------------------------------------------
     0 | D:1      | Leszczynek the Deep Elf Skald began the quest for the Orb.
     0 | D:1      | Reached XP level 1. HP: 12/12 MP: 6/6
     0 | D:1      | ok, let's try the p0's way
   172 | D:1      | Reached skill level 2 in Unarmed Combat
   273 | D:1      | HP: 2/12 [goblin/dagger (3)]
   274 | D:1      | Reached XP level 2. HP: 3/16 MP: 5/8
   275 | D:1      | jesus
   404 | D:1      | Learned a level 2 spell: Shroud of Golubria
   549 | D:1      | Reached skill level 1 in Translocations
   774 | D:2      | Reached XP level 3. HP: 20/20 MP: 4/9
   782 | D:2      | Learned a level 3 spell: Spectral Weapon
   881 | D:2      | You fall through a shaft for 2 floors!
   887 | D:4      | Reached skill level 1 in Hexes
   968 | D:4      | Reached skill level 2 in Hexes
   968 | D:4      | HP: 1/20 [something/puff of flame (6)]
   968 | D:4      | Slain by an orc wizard

Vault maps used:
D:1:      onia_arrival_pentagram
D:2:      first_ration
D:4:      nicolae_ashenzari_panopticon, lemuel_doored_altar,
          kennysheep_slug_shrine, doesnt_xom_only_xom, minmay_misc_feat_columns,
          uniq_blork_the_orc, uniq_robin, uniq_sigmund

Skill      XL: |  1  2  3 |
---------------+----------+-----
Unarmed Combat | 2 |  2.6
Translocations | 1 |  1.2
Hexes          | 2 |  2.0
Fighting       | |  1.5
Armour         | |  0.7
Dodging        | |  2.4
Spellcasting   | |  3.0
Charms         | |  4.4

Action                   || total
-------------------------++-------
Melee: Short sword       ||    54
       Unarmed           ||    15
       Whip              ||    19
       Punch             ||     1
 Cast: Infusion          ||    11
       Shroud of Golubri ||     2
       Spectral Weapon   ||     2
  Use: Potion            ||     1
  Eat: Chunk             ||     1
Armor: Leather armour    ||    30
Dodge: Dodged            ||    59

Table legend:
 A = Spawn XP
 B = Non-spawn XP
 C = Spawn XP percentage of total XP
 D = Spawn monster count
 E = Non-spawn monster count
 F = Spawn count percentage of total count
 G = Total turns spent on level
                    A         B        C        D         E        F      G
               +---------+---------+-------+---------+---------+-------+---------
         Total |       0 |      68 |   0.0 |       0 |      30 |   0.0 |   968
               +---------+---------+-------+---------+---------+-------+---------
           D:1 |       0 |      35 |   0.0 |       0 |      19 |   0.0 |   705
           D:2 |       0 |      14 |   0.0 |       0 |       8 |   0.0 |   176
           D:4 |       0 |      19 |   0.0 |       0 |       3 |   0.0 |    87
               +---------+---------+-------+---------+---------+-------+---------
